 Dungeon Crawl Stone Soup version 0.30-a0-1050-g2766ea1e55 (webtiles) character file.

Game seed: 3197891053798171883

253822 DryNick the Imperceptible (level 19, -13/101 HPs)
             Began as a Spriggan Enchanter on Apr 10, 2023.
             Was the Champion of Dithmenos.
             Mangled by a merfolk
             ... wielding a +3 trident
              (19 damage)
             ... on level 4 of the Shoals on Apr 11, 2023.
             The game lasted 04:33:16 (51155 turns).

DryNick the Imperceptible (Spriggan Enchanter)     Turns: 51155, Time: 04:33:17

Health: -13/101    AC:  9    Str:  7    XL:     19   Next: 38%
Magic:  0/37       EV: 34    Int: 26    God:    Dithmenos [******]
Gold:   2682       SH:  9    Dex: 24    Spells: 9/45 levels left

rFire   + + .      SeeInvis +    t - +2 dagger (drain)
rCold   + . .      Faith    .    b - +3 warlock's mirror {omnireflect}
rNeg    . . .      Spirit   +    v - +2 robe {rC+ rF+}
rPois   .          Reflect  +    d - +2 hat
rElec   +          Rampage  .    T - +2 cloak
rCorr   .                        (gloves unavailable)
Will    +++..                    (boots unavailable)
Stlth   +++++++++                M - amulet "Bunoh" {Spirit Int+3 Dex+4}
HPRegen 0.36/turn                z - ring "Juniloam" {Str+3 Dex+6 Slay+3 Stlth+}
MPRegen 0.25/turn                P - ring of Extauxu {rElec rF+ Dex-3 Slay+2}

@: wreathed by umbra, invisible, slow
A: very small, no large weapons, unfitting armour, see invisible, speed 3
}: 1/15 runes: gossamer
a: Renounce Religion, Shadow Step, Shadow Form


You were on level 4 of the Shoals.
You worshipped Dithmenos.
Dithmenos was exalted by your worship.
You visited 6 branches of the dungeon, and saw 31 of its levels.
You also visited: Gauntlet, Ice Cave and Volcano.

You collected 3270 gold pieces.
You spent 588 gold pieces at shops.

Inventory:

Hand Weapons
 i - a +5 rapier of speed
 t - a +2 dagger of draining (weapon)
Armour
 b - the +3 warlock's mirror (worn) {omnireflect}
   (You found it on level 11 of the Dungeon)

   Omnireflect: It can block and reflect piercing ranged attacks and magical
   attacks against the wielder's willpower.
 d - a +2 hat (worn)
 j - a +0 troll leather armour
 m - the +0 cloak of the Gnashing Gods {Int+2}
   (You found it in a Gauntlet)

   Int:       It affects your intelligence (+2).
 v - a +2 robe of resistance (worn)
 T - a +2 cloak (worn)
Jewellery
 q - a ring of poison resistance
 z - the ring "Juniloam" (left hand) {Str+3 Dex+6 Slay+3 Stlth+}
   (You took it off a minotaur in a Gauntlet)

   [ring of dexterity]

   Str:       It affects your strength (+3).
   Dex:       It affects your dexterity (+6).
   Slay:      It affects your accuracy & damage with ranged weapons and melee
   (+3).
   Stlth:     It makes you more stealthy.
 M - the amulet "Bunoh" (around neck) {Spirit Int+3 Dex+4}
   (You took it off a centaur warrior on level 8 of the Dungeon)

   [amulet of guardian spirit]

   It causes incoming damage to be divided between your reserves of health and
   magic.
   Int:       It affects your intelligence (+3).
   Dex:       It affects your dexterity (+4).
 P - the ring of Extauxu (right hand) {rElec rF+ Dex-3 Slay+2}
   (You took it off a centaur warrior on level 8 of the Dungeon)

   [ring of protection from fire]

   Dex:       It affects your dexterity (-3).
   Slay:      It affects your accuracy & damage with ranged weapons and melee
   (+2).
   rF:        It protects you from fire.
   rElec:     It insulates you from electricity.
 U - a ring of protection from cold
 W - a ring of resist corrosion
Wands
 h - a wand of iceblast (8)
 E - a wand of mindburst (4)
 I - a wand of flame (22)
 O - a wand of digging (23)
 S - a wand of polymorph (4)
 V - a wand of charming (14)
Scrolls
 e - 5 scrolls of fear
 l - 6 scrolls of poison
 n - 2 scrolls of silence
 o - 3 scrolls of identify
 p - 3 scrolls of enchant weapon
 s - 6 scrolls of magic mapping
 u - 16 scrolls of teleportation
 x - 5 scrolls of blinking
 H - 4 scrolls of fog
 R - a scroll of brand weapon
Potions
 a - 3 potions of magic
 c - 4 potions of might
 f - 5 potions of mutation
 k - 3 potions of curing
 r - 3 potions of brilliance
 w - 6 potions of resistance
 A - 2 potions of berserk rage
 B - 7 potions of attraction
 D - 11 potions of haste
 G - 3 potions of cancellation
 J - 5 potions of flight
 K - 5 potions of lignification
 N - 3 potions of ambrosia
Miscellaneous
 g - a lightning rod (4/4)
 Z - a condenser vane


   Skills:
 + Level 11.7 Fighting
 - Level 10.1(10.8) Short Blades
 - Level 4.8(6.9) Long Blades
 - Level 6.8 Armour
 * Level 16.9 Dodging
 * Level 21.4 Stealth
 + Level 5.0 Shields
 - Level 13.5 Spellcasting
 * Level 15.2 Hexes
 - Level 9.0 Necromancy
 - Level 2.0 Transmutations
 - Level 9.0 Earth Magic


You had 9 spell levels left.
You knew the following spells:

 Your Spells              Type           Power      Damage    Failure   Level
a - Yara's Violent Unrav  Hex/Tmut       29%        3d12      4%          5
b - Slow                  Hex            100%       N/A       0%          1
c - Confusing Touch       Hex            77%        N/A       1%          3
d - Ensorcelled Hibernat  Hex/Ice        100%       N/A       1%          2
e - Eringya's Noxious Bo  Tmut/Pois      11%        N/A       99%         6
f - Enfeeble              Hex            38%        N/A       10%         7
g - Dazzling Flash        Conj/Hex       100%       N/A       1%          3
h - Apportation           Tloc           34%        N/A       6%          1
v - Borgnjor's Vile Clut  Necr/Erth      29%        N/A       4%          5
x - Tukima's Dance        Hex            77%        N/A       1%          3

Your spell library contained the following spells:

 Spells                   Type           Power      Damage    Failure   Level
 Inner Flame              Hex/Fire       55%        N/A       1%          3
 Portal Projectile        Hex/Tloc       100%       N/A       1%          3
 Summon Guardian Golem    Hex/Summ       55%        N/A       1%          3
 Vampiric Draining        Necr           59%        2d10      1%          3
 Anguish                  Hex/Necr       34%        N/A       1%          4
 Dispel Undead            Necr           59%        3d21      1%          4
 Cigotuvi's Dreadful Rot  Necr/Pois/Air  66%        N/A       2%          2
 Fulminant Prism          Conj/Hex       27%        3d14      2%          4
 Lee's Rapid Deconstruct  Erth           29%        3d15*     4%          5
 Foxfire                  Conj/Fire      68%        2x1d7     6%          1
 Freeze                   Ice            68%        1d8       6%          1
 Shock                    Conj/Air       68%        1d7       6%          1
 Blink                    Tloc           34%        N/A       10%         2
 Lesser Beckoning         Tloc           34%        N/A       10%         2
 Momentum Strike          Conj/Tloc      34%        3d8       10%         2
 Static Discharge         Conj/Air       34%        2-4/arc   10%         2
 Spider Form              Tmut/Pois      22%        N/A       12%         3
 Call Canine Familiar     Summ           17%        N/A       19%         3
 Frozen Ramparts          Ice            34%        1d6       19%         3
 Hailstorm                Conj/Ice       17%        3d6       19%         3
 Vhi's Electric Charge    Tloc/Air       34%        N/A       19%         3
 Volatile Blastmotes      Fire/Tloc      34%        2d12      19%         3
 Death Channel            Necr           29%        N/A       24%         6
 Ice Form                 Ice/Tmut       22%        N/A       38%         4
 Flame Wave               Conj/Fire      17%        2d7       52%         4
 Iskenderun's Mystic Bla  Conj/Tloc      17%        2d5       52%         4
 Olgreb's Toxic Radiance  Pois           17%        N/A       52%         4
 Sticky Flame             Conj/Fire      17%        2d4       52%         4
 Summon Ice Beast         Ice/Summ       17%        N/A       52%         4
 Summon Lightning Spire   Summ/Air       17%        N/A       52%         4
 Blade Hands              Tmut           14%        N/A       58%         5
 Discord                  Hex            38%        N/A       61%         8
 Alistair's Intoxication  Tmut/Pois      14%        N/A       75%         5
 Simulacrum               Ice/Necr       20%        N/A       83%         6
 Arcjolt                  Conj/Air       8%         1d18      86%         5
 Fireball                 Conj/Fire      8%         3d6       86%         5
 Summon Forest            Summ/Tloc      8%         N/A       86%         5
 Plasma Beam              Fire/Air       8%         2x1d21    100%        6
 Starburst                Conj/Fire      8%         6d4       100%        6
 Spellforged Servitor     Conj/Summ      8%         N/A       100%        7
 Summon Hydra             Summ           8%         N/A       100%        7
 Ignition                 Fire           8%         3d5       100%        8
 Summon Horrible Things   Summ           8%         N/A       100%        8


Dungeon Overview and Level Annotations

Branches:
Dungeon (15/15)            Temple (1/1) D:7            Lair (5/5) D:11
 Shoals (4/4) Lair:2       Spider (4/4) Lair:2        Slime (0/5) Lair:5
    Orc (2/2) D:10            Elf (0/3) Orc:2        Vaults (0/5) D:14
 Depths (0/4) D:15          IceCv (visited)         Volcano (visited)
Gauntlet (visited)

Altars:
Ashenzari
Cheibriados
Dithmenos
Elyvilon
Fedhas
Gozag
Hepliaklqana
Kikubaaqudgha
Makhleb
Nemelex Xobeh
Okawaru
Qazlal
Ru
Sif Muna
Trog
Uskayaw
Vehumet
Wu Jian
Xom
Yredelemnul
Zin
The Shining One

Shops:
D:4 =   D:8 ?   D:10 [   Orc:2 =*[(   Shoals:1 *

Annotations:
D:7 2 transporters, paps's ghost, novice DsGl
D:15 Roxanne
Shoals:3 Bai Suzhen


Innate Abilities, Weirdness & Mutations

You are very small and have problems with some larger weapons.
You are too small for most types of armour.
You have supernaturally acute eyesight. (SInv)
You cover ground extremely quickly. (Speed+++)


Message History

The zombie hands constrict the merfolk siren!
You break out of your daze!
You kill the merfolk siren!
Dithmenos accepts your kill.
You hear a splash.
You block the water nymph's attack. You block the merfolk siren's attack.
The merfolk hits you with a +0 trident! The merfolk closely misses you.
Things that are here:
a +2 trident of protection; a +0 robe
Casting: Ensorcelled Hibernation (safe; 1% risk of failure)
Confirm with . or Enter, or press ? or * to list all spells.
Aiming: Borgnjor's Vile Clutch (dangerous; 4% risk of failure)
Press: ? - help, Shift-Dir - straight line, f - merfolk siren
Aim: a merfolk siren, wielding a +0 spear and carrying a wand of iceblast (2) (black smoke, umbra, 100% to hit)
Zombie hands grab the merfolk.
Zombie hands grab the merfolk siren.
The zombie hands constrict the merfolk siren.
The zombie hands constrict the merfolk!
The merfolk javelineer throws a silver javelin.
You reflect the silver javelin off your +3 warlock's mirror {omnireflect}!
The silver javelin pierces through the merfolk javelineer!!
The water nymph gestures at you while chanting.
The water swirls and strikes you!!
* * * LOW HITPOINT WARNING * * *
The merfolk siren chants a haunting song.
You resist. The merfolk completely misses you.
The merfolk hits you from afar with a +3 trident!
* * * LOW HITPOINT WARNING * * *
You emit a cloud of dark smoke.
You fade into invisibility!
The zombie hands constrict the merfolk siren.
The zombie hands constrict the merfolk!
The merfolk javelineer throws a silver javelin.
The silver javelin pierces through you.
* * * LOW HITPOINT WARNING * * *
x2 The water nymph completely misses you.
The merfolk siren hits you from afar with a +0 spear.
* * * LOW HITPOINT WARNING * * *
The merfolk hits you but does no damage.
The merfolk hits you from afar with a +3 trident!!
You die...

)..............~~~~~~~~# ≈≈ ≈≈# #
................~~~~~~# #....~##
...........~(......~~~#≈# .≈≈..~#
..........~~~....#....#≈.. #≈#..#
..........~~~((..#.~.## .≈##≈≈..#
.........~)~[((§§§....#≈.≈≈≈≈...#
.....~...~~~~~§§§§§...#≈..#≈..#.#
~....~..~~~~))#§§§.##.##~....#.#.
~~~.....~.~~~H##@m§######~....#..
~~~.....).~~).~mm§m.# #.######...
~~~~......~~..~§m§~.###....~÷~...
..~~~....~~....~~~........)~))...
...~~~~~~~~.......~.........)....
...~~~~~~~......................†
...~~~~~~~..................km.m.
...~~~~~~............~..§....mm..
..~######..............m§§§......


You could see a merfolk javelineer, 2 merfolk, a merfolk siren (clutched) and a
water nymph.

Vanquished Creatures
  Gastronok (Lair:1)
  Polyphemus (Shoals:2)
  Kirke (Lair:5)
  2 emperor scorpions (Spider:3)
  4 ghost moths
  Aizul (Shoals:2)
  An orc warlord (Orc:2)
  3 broodmothers
  An ironbound preserver (D:14)
  2 dire elephants (Spider:4)
  2 spark wasps (Spider:4)
  A minotaur (Gauntlet)
  3 merfolk javelineers
  A quicksilver dragon zombie (D:15)
  3 entropy weavers
  2 spriggan zombies (D:15)
  5 merfolk impalers
  6 hydras
  5 radroaches
  3 catoblepae
  A death knight (D:14)
  2 alligator snapping turtles (Shoals:1)
  A jorogumo (Spider:2)
  4 merfolk avatars
  8 centaur warriors
  2 merfolk aquamancers
  11 death yaks
  7 boulder beetles
  Erica (D:8)
  A deep troll shaman (Lair:5)
  A two-headed ogre (D:13)
  3 satyrs (Shoals:3)
  An orc high priest (Orc:2)
  A tengu warrior (D:15)
  Urug (Lair:4)
  Nergalle (Lair:1)
  A hell knight (Volcano)
  Sonja (D:13)
  A deep elf knight (Spider:4)
  Amaemon (Lair:1)
  7 skysharks
  A salamander mystic (Volcano)
  15 sea snakes
  A sun moth (Spider:2)
  5 pharaoh ants
  A sixfirhy (Gauntlet)
  6 skeletal warriors
  18 orb spiders
  A phantasmal warrior (D:15)
  10 wizards
  A deep elf archer (Spider:4)
  A necromancer (D:15)
  9 steelbarb worms
  4 orc knights (Orc:2)
  A harpy (shapeshifter) (D:14)
  12 harpies
  7 deep elf pyromancers
  18 ugly things
  2 oklob plants (Lair:4)
  18 wolf spiders
  2 orc sorcerers (Orc:2)
  16 manticores
  12 cyclopes
  24 fauns
  12 merfolk sirens
  4 moths of wrath
  2 salamanders (Volcano)
  3 black mambas
  12 elephants
  3 molten gargoyles (Volcano)
  9 torpor snails
  6 water nymphs
  4 demonic crawlers
  5 gargoyles (Volcano)
  9 cane toads
  A smoke demon (Gauntlet)
  An orange demon (Lair:1)
  An unseen horror (D:12)
  An unseen horror (shapeshifter) (D:15)
  Maggie (D:7)
  A freezing wraith (IceCv)
  2 rime drakes
  2 efreet
  7 komodo dragons
  An anaconda simulacrum (IceCv)
  2 ice devils (Lair:1)
  3 tengu conjurers
  4 meliai
  26 merfolk
  23 tarantellas
  7 wind drakes
  2 hornets
  6 polar bears
  17 blink frogs
  17 snapping turtles
  A raiju (Spider:4)
  7 dream sheep
  Prince Ribbit (Lair:3)
  9 slime creatures
  24 culicivoras
  Sigmund (D:2)
  A wraith (D:12)
  A vampire (D:14)
  12 water elementals
  A shadow (D:12)
  2 hogs (Lair:5)
  28 jumping spiders
  8 wyverns
  56 yaks
  2 basilisks
  4 vampire mosquitoes
  38 redbacks
  Grum (D:8)
  A death yak simulacrum (IceCv)
  A human zombie (D:15)
  5 acid dragons
  13 water moccasins
  Duvessa (D:7)
  3 ice beasts
  23 orc warriors
  2 black bears
  7 ogres
  5 boggarts (D:14)
  50 wolves
  13 centaurs
  A phantom (D:5)
  14 bullfrogs
  6 kobold brigands
  Blork the orc (D:6)
  A gnoll sergeant (D:11)
  2 scorpions (D:6)
  2 cane toad simulacra (IceCv)
  3 wights (D:7)
  Dowan (D:7)
  14 killer bees
  A howler monkey (D:8)
  3 crimson imps (Gauntlet)
  5 hounds
  A jelly (D:6)
  9 orc priests
  A gnoll bouda (D:7)
  2 sleepcaps (D:6)
  Jessica (D:2)
  3 iguanas
  16 orc wizards
  A polar bear simulacrum (IceCv)
  9 gnolls
  5 adders
  2 white imps
  4 ufetubi
  2 worms
  3 dart slugs
  39 orcs
  4 ball pythons
  4 bats
  4 endoplasms
  3 giant cockroaches
  3 goblins
  3 hobgoblins
  5 jackals
  A quokka (D:5)
  2 frilled lizards
  36 kobolds
  A rat (D:3)
1023 creatures vanquished.

Vanquished Creatures (collateral kills)
  An orc warrior (Orc:2)
  An orc (Orc:2)
2 creatures vanquished.

Vanquished Creatures (others)
  A wolf spider (Spider:4)
  5 dancing weapons (Orc:2)
  An orc priest (Orc:2)
  An iguana (D:6)
  38 fungi
  125 plants
  11 withered plants (D:15)
182 creatures vanquished.

Grand Total: 1207 creatures vanquished

Notes
Turn   | Place    | Note
-------+----------+-------------------------------------------
     0 | D:1      | DryNick the Spriggan Enchanter began the quest for the Orb.
     0 | D:1      | Reached XP level 1. HP: 9/9 MP: 5/5
   259 | D:1      | Reached XP level 2. HP: 13/13 MP: 6/6
   268 | D:1      | Learned a level 2 spell: Ensorcelled Hibernation
   477 | D:1      | Reached skill level 5 in Stealth
   979 | D:2      | Noticed Jessica
   987 | D:2      | Reached XP level 3. HP: 11/16 MP: 6/8
   989 | D:2      | Killed Jessica
  1160 | D:2      | Noticed Sigmund
  1180 | D:2      | Killed Sigmund
  1181 | D:2      | Reached skill level 6 in Stealth
  1181 | D:2      | Reached XP level 4. HP: 5/21 MP: 7/10
  1181 | D:2      | Reached XP level 5. HP: 5/24 MP: 7/11
  1262 | D:2      | Learned a level 3 spell: Confusing Touch
  2056 | D:3      | Found a faded altar of an unknown god.
  2212 | D:3      | Found a glowing golden altar of the Shining One.
  2381 | D:3      | Reached skill level 7 in Stealth
  2381 | D:3      | Reached XP level 6. HP: 28/28 MP: 12/12
  2386 | D:3      | Learned a level 1 spell: Slow
  2811 | D:4      | Found a glowing silver altar of Zin.
  2811 | D:4      | Found a sacrificial altar of Ru.
  2917 | D:4      | Reached skill level 1 in Fighting
  3046 | D:4      | Found Ziol's One-of-a-Kind Rings.
  3176 | D:5      | Entered Level 5 of the Dungeon
  3206 | D:5      | Reached skill level 5 in Hexes
  3538 | D:5      | Reached XP level 7. HP: 33/33 MP: 9/14
  3619 | D:5      | Reached skill level 8 in Stealth
  4056 | D:5      | Reached skill level 5 in Short Blades
  4075 | D:5      | Reached skill level 5 in Spellcasting
  4262 | D:6      | Reached XP level 8. HP: 21/39 MP: 13/17
  4341 | D:6      | Reached skill level 9 in Stealth
  4835 | D:6      | Noticed Blork the orc
  4858 | D:6      | Killed Blork the orc
  5198 | D:7      | Noticed Duvessa
  5198 | D:7      | Noticed Dowan
  5234 | D:7      | Killed Duvessa
  5235 | D:7      | Reached skill level 10 in Stealth
  5235 | D:7      | Noticed paps's ghost (novice DsGl)
  5237 | D:7      | Killed Dowan
  5326 | D:7      | Noticed Maggie
  5334 | D:7      | Killed Maggie
  5335 | D:7      | Reached XP level 9. HP: 12/44 MP: 16/20
  5541 | D:7      | Found a transporter.
  5593 | D:7      | Found a transporter.
  6082 | D:7      | Found a staircase to the Ecumenical Temple.
  6660 | D:7      | Reached skill level 1 in Armour
  6660 | D:7      | Reached skill level 11 in Stealth
  7020 | D:8      | Reached XP level 10. HP: 51/51 MP: 22/22
  7057 | D:8      | Noticed Grum
  7059 | D:8      | Noticed Erica
  7139 | D:8      | Found Leihuf's Magic Scroll Shoppe.
  7220 | D:8      | Found a broken altar of Ashenzari.
  7505 | D:8      | Reached skill level 5 in Fighting
  7674 | D:8      | Reached skill level 5 in Dodging
  7943 | D:8      | Noticed a boulder beetle
  7947 | D:8      | Killed a boulder beetle
  7962 | D:8      | Noticed a centaur warrior
  7965 | D:8      | Identified the amulet "Bunoh" {Spirit Int+3 Dex+4}
  7965 | D:8      | Noticed a centaur warrior
  7966 | D:8      | Identified the ring "Sebo" {Str+3 SInv}
  7995 | D:8      | Killed a centaur warrior
  7996 | D:8      | Reached skill level 12 in Stealth
  8248 | D:8      | Killed Grum
  8337 | D:8      | Bought a scroll of identify for 24 gold pieces
  8337 | D:8      | Bought a scroll of identify for 24 gold pieces
  8850 | D:8      | Identified the ring "Wicrapak" {Str+6 Slay+3 Stlth+}
  8858 | D:8      | Killed a centaur warrior
  8859 | D:8      | Reached XP level 11. HP: 39/56 MP: 14/24
  8941 | D:8      | Identified the ring of Extauxu {rElec rF+ Dex-3 Slay+2}
  8941 | D:8      | Noticed a centaur warrior
  8949 | D:8      | Killed a centaur warrior
  9037 | D:8      | Noticed a boulder beetle
  9188 | D:8      | Killed a boulder beetle
  9453 | D:8      | Killed Erica
  9529 | Temple   | Entered the Ecumenical Temple
  9535 | Temple   | Became a worshipper of Dithmenos the Shadowed
 10300 | D:9      | You fall into a shaft and drop 1 floor!
 10300 | D:10     | Entered Level 10 of the Dungeon
 10305 | D:10     | Found Jiaklask's Antique Armour Emporium.
 10383 | D:10     | Reached * piety under Dithmenos
 10650 | D:10     | Found a hazy altar of Hepliaklqana.
 10687 | D:10     | Identified the +1 quarterstaff of the Ancients {flame,
                  | *Noise rCorr Dex+7 Stlth+}
 10705 | D:10     | Found a staircase to the Orcish Mines.
 11306 | D:11     | Noticed a wizard
 11312 | D:11     | Killed a wizard
 11313 | D:11     | Reached skill level 13 in Stealth
 11317 | D:11     | Noticed a boulder beetle
 11332 | D:11     | Killed a boulder beetle
 11352 | D:11     | Noticed a wizard
 11354 | D:11     | Noticed a boulder beetle
 11359 | D:11     | Killed a wizard
 11364 | D:11     | Killed a boulder beetle
 11423 | D:11     | Found the +3 warlock's mirror {omnireflect}
 11448 | D:11     | Noticed a wizard
 11474 | D:11     | Killed a wizard
 11475 | D:11     | Reached XP level 12. HP: 63/63 MP: 26/26
 11514 | D:11     | Found a staircase to the Lair.
 11542 | D:11     | Reached skill level 10 in Hexes
 11619 | D:11     | Learned a level 5 spell: Borgnjor's Vile Clutch
 11626 | D:11     | Learned a level 6 spell: Eringya's Noxious Bog
 11630 | D:11     | Learned a level 3 spell: Tukima's Dance
 11634 | D:11     | Learned a level 3 spell: Dazzling Flash
 11636 | D:11     | Learned a level 1 spell: Apportation
 12182 | D:11     | Reached skill level 10 in Spellcasting
 12208 | D:11     | Reached ** piety under Dithmenos
 12781 | D:12     | Found a gate leading to a gauntlet.
 12793 | Gauntlet | Entered a Gauntlet
 12793 | Gauntlet | Found a transporter.
 12800 | Gauntlet | Found a transporter.
 12802 | Gauntlet | Found a transporter.
 12807 | Gauntlet | Found a runed translucent door.
 12807 | Gauntlet | Found a runed translucent door.
 12812 | Gauntlet | Found a transporter.
 12815 | Gauntlet | Found a transporter.
 12821 | Gauntlet | Noticed a green death
 12826 | Gauntlet | Found a transporter.
 12842 | Gauntlet | Found a transporter.
 12849 | Gauntlet | Noticed a hell beast
 12853 | Gauntlet | Found a transporter.
 12864 | Gauntlet | Found a transporter.
 12879 | Gauntlet | Found a transporter.
 12889 | Gauntlet | Found a transporter.
 12889 | Gauntlet | Found a transporter.
 12936 | Gauntlet | Found a transporter.
 12950 | Gauntlet | Found a transporter.
 13301 | Gauntlet | Reached skill level 14 in Stealth
 13463 | Gauntlet | Identified the ring of Bisuhal {rN+ Dex+2}
 13468 | Gauntlet | Identified the +0 cloak of the Gnashing Gods {Int+2}
 13749 | Gauntlet | Identified the ring "Juniloam" {Str+3 Dex+6 Slay+3 Stlth+}
 13749 | Gauntlet | Noticed a minotaur
 13890 | Gauntlet | Killed a minotaur
 14603 | Lair:1   | Entered Level 1 of the Lair of Beasts
 14603 | Lair:1   | Noticed Amaemon
 14606 | Lair:1   | Reached skill level 10 in Short Blades
 14609 | Lair:1   | Killed Amaemon
 14650 | Lair:1   | Found a frozen archway.
 14656 | Lair:1   | Reached *** piety under Dithmenos
 14657 | Lair:1   | Reached skill level 5 in Armour
 14661 | IceCv    | Entered an ice cave
 14664 | IceCv    | Found a transporter.
 14914 | IceCv    | Found a transporter.
 14960 | IceCv    | Reached XP level 13. HP: 35/68 MP: 13/28
 15206 | Lair:1   | Noticed Gastronok
 15216 | Lair:1   | Killed Gastronok
 15382 | Lair:1   | Noticed Nergalle
 15611 | Lair:1   | Killed Nergalle
 15612 | Lair:1   | Reached skill level 1 in Long Blades
 16728 | Lair:2   | Reached skill level 10 in Dodging
 16750 | Lair:2   | Reached skill level 15 in Stealth
 16912 | Lair:2   | Reached **** piety under Dithmenos
 17628 | Lair:2   | Found a hole to the Spider Nest.
 17981 | Lair:2   | Found a staircase to the Shoals.
 18065 | Lair:2   | Reached skill level 1 in Earth Magic
 18138 | Lair:3   | Reached skill level 1 in Necromancy
 18289 | Lair:3   | Reached ***** piety under Dithmenos
 18801 | Lair:3   | Reached XP level 14. HP: 67/75 MP: 8/30
 18993 | Lair:3   | Noticed Prince Ribbit
 18995 | Lair:3   | Killed Prince Ribbit
 19395 | Spider:1 | Entered Level 1 of the Spider Nest
 19458 | Spider:1 | Noticed a broodmother
 19459 | Spider:1 | Noticed a broodmother
 19491 | Spider:1 | Noticed a ghost moth
 19494 | Spider:1 | Killed a ghost moth
 19802 | Lair:2   | Killed a broodmother
 19903 | Spider:1 | Killed a broodmother
 20267 | Spider:1 | Reached skill level 10 in Fighting
 20760 | Spider:2 | Reached skill level 16 in Stealth
 21251 | Spider:2 | Reached ****** piety under Dithmenos
 21285 | Spider:2 | Noticed a broodmother
 21323 | Spider:2 | Killed a broodmother
 22119 | Spider:2 | Reached XP level 15. HP: 81/81 MP: 27/32
 23653 | Spider:4 | Entered Level 4 of the Spider Nest
 26528 | Lair:4   | Noticed Urug
 26547 | Lair:4   | Killed Urug
 26700 | Lair:4   | Found an iron altar of Okawaru.
 26784 | Lair:4   | Reached skill level 5 in Necromancy
 27205 | Lair:4   | Reached skill level 17 in Stealth
 27342 | Lair:5   | Entered Level 5 of the Lair of Beasts
 27361 | Lair:5   | Reached skill level 5 in Earth Magic
 27443 | Lair:5   | Reached skill level 1 in Shields
 27491 | Lair:5   | Found a staircase to the Slime Pits.
 28110 | Lair:5   | Noticed Kirke
 28487 | Lair:5   | Got the Omnibus of Jinxing
 28809 | Lair:5   | Reached XP level 16. HP: 86/86 MP: 33/33
 29220 | Lair:5   | Killed Kirke
 29364 | Lair:5   | Got Nevoipurph's Reference Book on Battling
 29519 | Lair:5   | Identified the +0 leather armour of Discretion {rC+ Will+
                  | rCorr Str-5}
 29689 | Orc:1    | Entered Level 1 of the Orcish Mines
 29701 | Orc:2    | Entered Level 2 of the Orcish Mines
 29828 | Orc:1    | Found a dark tunnel.
 29851 | Volcano  | Entered a volcano
 29931 | Volcano  | Noticed an orb of fire
 29972 | Volcano  | Noticed an orb of fire
 31942 | Orc:2    | Found Ybau's General Store.
 32071 | Orc:2    | Found a staircase to the Elven Halls.
 32167 | Orc:2    | Found Rirret's Antique Weapon Boutique.
 32182 | Orc:2    | Found Lecvys's Antique Armour Boutique.
 32210 | Orc:2    | Found Uriklo's Jewellery Boutique.
 32307 | Orc:2    | Bought a book of Misfortune for 540 gold pieces
 32812 | D:13     | Noticed Sonja
 32820 | D:13     | Killed Sonja
 32857 | D:13     | Reached skill level 18 in Stealth
 34326 | D:14     | Found a gate to the Vaults.
 34653 | D:15     | Entered Level 15 of the Dungeon
 34653 | D:15     | Noticed Roxanne
 34734 | D:15     | Found a staircase to the Depths.
 35443 | D:15     | Reached XP level 17. HP: 91/91 MP: 7/34
 39224 | Spider:4 | Reached skill level 19 in Stealth
 39829 | Spider:4 | Got a gossamer rune of Zot
 41224 | Spider:3 | Reached skill level 15 in Dodging
 41224 | Spider:3 | Reached XP level 18. HP: 96/96 MP: 34/36
 41721 | Shoals:1 | Entered Level 1 of the Shoals
 42713 | Shoals:1 | Found Segat's General Store.
 44078 | Shoals:2 | Reached skill level 20 in Stealth
 44098 | Shoals:2 | Reached skill level 1 in Transmutations
 44321 | Shoals:2 | Noticed Aizul
 44328 | Shoals:2 | Killed Aizul
 44475 | Shoals:2 | Noticed Polyphemus
 45010 | Shoals:2 | Killed Polyphemus
 45183 | Shoals:2 | Got the Enchiridion on Molten Beckoning
 46755 | Shoals:3 | Identified the +6 war axe of Hises {antimagic, rElec rF+
                  | rC-}
 46786 | Shoals:3 | Reached XP level 19. HP: 95/100 MP: 24/37
 47478 | Shoals:4 | Entered Level 4 of the Shoals
 48015 | Shoals:4 | Noticed Bai Suzhen
 48291 | Shoals:3 | Learned a level 5 spell: Yara's Violent Unravelling
 48299 | Shoals:3 | Learned a level 7 spell: Enfeeble
 48507 | Shoals:3 | Reached skill level 21 in Stealth
 50084 | Shoals:4 | Reached skill level 15 in Hexes
 50909 | Shoals:2 | Reached skill level 5 in Shields
 51155 | Shoals:4 | Mangled by a merfolk

Illustrated notes

Levels and vault maps discovered:
D:1:      mrwooster_arrival_statue_3, layout_basic
D:2:      layout_loops_corners, uniq_sigmund, uniq_jessica
D:3:      layout_loops_ring, old_standard_altar, basic_ecumenical_altar
D:4:      layout_basic, chequers_temple_overflow_statue_of_worship,
          nicolae_shop_unique_rings
D:5:      layout_gridville
D:6:      layout_rooms, nicolae_zen_rock_garden, uniq_blork_the_orc
D:7:      layout_loops_ring, minmay_temple_entry_antechambers,
          gammafunk_ghost_stat_death, uniq_maggie, uniq_duvessa
D:8:      minmay_the_grid_triangle_9x9_rhombus_full
          [minmay_the_grid_triangle_9x9_sprig,
          minmay_the_grid_triangle_9x9_empty,
          minmay_the_grid_triangle_9x9_impossible_snake,
          minmay_the_grid_triangle_9x9_swiss_cheese,
          minmay_the_grid_triangle_9x9_checkered,
          minmay_the_grid_triangle_9x9_intruding_spiral,
          minmay_the_grid_triangle_9x9_zippers_horizontal,
          minmay_the_grid_triangle_9x9_prize_special], layout_basic,
          ashenzari_conservatory_becter, serial_shops, nicolae_lakefront_shop,
          uniq_erica, uniq_grum
D:9:      layout_roguey
D:10:     layout_irregular_city, nicolae_overflow_crystal_walls, orc_0_dummy,
          serial_shops, nicolae_shop_crystal
D:11:     minmay_smoke_and_mirrors, layout_long_grid, lair_entry_dummy,
          evilmike_minifort
D:12:     minmay_isolated_rectangles_in_corner, layout_rooms,
          gauntlet_entry_generic, kennysheep_generic_room_5
D:13:     layout_layer_cave, uniq_sonja
D:14:     layout_loops_ring, skrybe_vaults_entry_preservation,
          serial_park_avenue1, patterned_corridor
D:15:     gammafunk_depths_entry_grave, layout_basic, serial_park_avenue1,
          uniq_roxanne
Temple:   sentei_temple_godly_chess
Lair:1:   layout_regular_city, portal_ice_cave_demonic_guard, nzn_random_ring,
          serial_bayou_shore_b, uniq_nergalle, uniq_amaemon, uniq_gastronok
Lair:2:   layout_loops_ring, shoals_dummy_entry,
          hellmonk_spider_entry_life_and_decay, grunt_megastairs_4
Lair:3:   layout_misc_corridors, chequers_serial_rivers_micro_b,
          grunt_forest_large_clearings, uniq_prince_ribbit2
Lair:4:   layout_hall_layers, basic_altar, serial_bayou_shore_b,
          serial_bayou_shore_b, grunt_megastairs_1, lemuel_fruit_tree, uniq_urug
Lair:5:   grunt_lair_end_beastmaster, layout_regular_city,
          dpeg_slime_entry_corner, uniq_kirke
Shoals:1: layout_shoals, serial_shops, nicolae_lakefront_shop
Shoals:2: layout_shoals, uniq_polyphemus, uniq_aizul
Shoals:3: layout_shoals
Shoals:4: shoals_end_hangedman, layout_shoals, serial_shops, bzr_firewalk,
          uniq_bai_suzhen
Spider:1: layout_spider_delve
Spider:2: layout_chambers, hangedman_spider_tarantella_strand
Spider:3: layout_spider_delve
Spider:4: grunt_spider_rune_island, beargit_elvish_explorers
Orc:1:    layout_caves, enter_volcano_1
Orc:2:    grunt_orc_cross, layout_diamond_mine

Skill      XL: |  1  2  3  4  5  6  7  8  9 10 11 12 13 14 15 16 17 18 19 |
---------------+----------------------------------------------------------+-----
Stealth        | 5 6 7 8 10 11 12 13 14 15 16 17 18 19 20 21 | 21.4
Short Blades   | 2 3 4 5 6 7 8 9 10 | 10.1
Spellcasting   | 3 4 5 6 7 8 9 10 11 12 13 | 13.5
Hexes          | 4 5 7 8 9 11 12 13 14 15 | 15.2
Fighting       | 1 2 3 4 6 7 8 9 10 11 | 11.7
Dodging        | 4 6 7 9 10 11 12 14 15 16 | 16.9
Armour         | 1 2 3 5 6 |  6.8
Long Blades    | 2 4 |  4.8
Earth Magic    | 1 3 5 8 9 |  9.0
Necromancy     | 1 3 6 8 9 |  9.0
Shields        | 2 3 4 5 |  5.0
Transmutations | 2 |  2.0

Action                     |  1- 3 |  4- 6 |  7- 9 | 10-12 | 13-15 | 16-18 | 19-21 || total
---------------------------+-------+-------+-------+-------+-------+-------+-------++-------
  Melee: Dagger            |    49 |    87 |   206 |   312 |   663 |  1171 |   234 ||  2722
         Punch             |       |       |     2 |     3 |     3 |       |       ||     8
         Scimitar          |       |       |       |    12 |    10 |       |       ||    22
   Cast: Ensorcelled Hiber |     4 |    25 |    56 |   127 |   352 |   255 |    64 ||   883
         Slow              |       |     3 |    14 |     3 |     4 |    14 |       ||    38
         Confusing Touch   |       |       |    16 |    12 |    25 |    55 |     7 ||   115
         Dazzling Flash    |       |       |       |       |     3 |     2 |       ||     5
         Tukima's Dance    |       |       |       |       |       |    13 |       ||    13
         Borgnjor's Vile C |       |       |       |       |       |    50 |    56 ||   106
         Yara's Violent Un |       |       |       |       |       |       |     1 ||     1
         Enfeeble          |       |       |       |       |       |       |     1 ||     1
 Invoke: Shadow Step       |       |       |       |       |     2 |     2 |       ||     4
  Evoke: Wand              |       |       |       |       |     4 |     1 |       ||     5
    Use: Scroll            |       |       |     7 |    11 |    11 |    12 |     1 ||    42
         Potion            |       |       |       |     7 |     3 |     4 |     1 ||    15
   Stab: Sleeping          |     7 |    19 |    51 |   108 |   299 |   205 |    39 ||   728
         Distracted        |       |     1 |     2 |       |     2 |     7 |     1 ||    13
         Confused          |       |       |    13 |     9 |    20 |    48 |     4 ||    94
         Invisible         |       |       |       |     2 |     3 |       |       ||     5
         Held in net/web   |       |       |       |       |     1 |       |       ||     1
 Armour: Robe              |     2 |     7 |     5 |    12 |    35 |    73 |    27 ||   161
         Steam dragon scal |       |       |     8 |     6 |       |       |       ||    14
  Dodge: Dodged            |    27 |    50 |   111 |   265 |   748 |  1013 |   434 ||  2648
  Block: Buckler           |       |       |       |       |    82 |   428 |   196 ||   706
         Reflection        |       |       |       |       |       |    58 |    36 ||    94

Table legend: (Time is in decaauts)
 A = Elapsed time spent in this place.
 B = Non-inter-level travel time spent in this place.
 C = Inter-level travel time spent in this place.
 D = Time resting spent in this place.
 E = Time spent auto-exploring this place.
 F = Levels seen in this place.
 G = Mean time per level.
                   A        B        C        D        E       F      G
               +--------+--------+--------+--------+--------+-----+--------+
         Total |  40001 |  37366 |   2635 |  11478 |  16305 |  34 | 1176.5 |
       Dungeon |  12637 |  11664 |    973 |   1089 |   7849 |  15 |  842.5 |
        Temple |      8 |      8 |      0 |      0 |      1 |   1 |    8.0 |
          Lair |   6410 |   6037 |    373 |   1515 |   2999 |   5 | 1282.0 |
        Shoals |   8026 |   7589 |    437 |   3442 |   1988 |   4 | 2006.5 |
   Spider Nest |   9753 |   9071 |    682 |   4898 |   2119 |   4 | 2438.2 |
  Orcish Mines |   1849 |   1682 |    167 |    183 |    944 |   2 |  924.5 |
      Ice Cave |    261 |    261 |      0 |    153 |      8 |   1 |  261.0 |
       Volcano |    181 |    181 |      0 |      0 |     19 |   1 |  181.0 |
      Gauntlet |    870 |    870 |      0 |    196 |    374 |   1 |  870.0 |
               +--------+--------+--------+--------+--------+-----+--------+

Top non-repeatable levels by time:
Spider:3: 4066 daAuts
Spider:2: 3067 daAuts
Shoals:3: 3059 daAuts
Shoals:2: 2024 daAuts
Shoals:1: 1934 daAuts
  Lair:1: 1926 daAuts
Spider:4: 1923 daAuts
     D:8: 1912 daAuts
   Orc:2: 1488 daAuts
  Lair:5: 1457 daAuts
     D:7: 1398 daAuts
  Lair:2: 1212 daAuts
    D:11: 1147 daAuts
    D:15: 1063 daAuts
Shoals:4: 1009 daAuts
